[Event "Titled Tuesday Blitz August 08 Early 2023"]
[White "Janaszak, Dawid"]
[Black "Carlsen, Magnus"]
[WhiteFideId "1119206"]
[BlackFideId "1503014"]
[WhiteElo "2527"]
[BlackElo "3253"]
[Result "0-1"]
[Round "1"]
[TimeControl "180+1"]
[Date "2023.08.08"]
[WhiteClock "0:00:02"]
[BlackClock "0:01:42"]
[Board "1"]

1. e4 c5 2. Nc3 Nc6 3. Bb5 Nd4 4. Nf3 Qa5 5. Bc4 e6 6. O-O b5 7. Bd3 Nxf3+ 8. Qxf3 a6 9. e5 Rb8 10. Be4 Qc7 11. Qg3 b4 12. Nd1 d5 13. exd6 Bxd6 14. Qxg7 Bxh2+ 15. Kh1 Be5 16. Qg5 Nf6 17. Bf3 Rg8 18. Qh4 Bb7 19. Bxb7 Qxb7 20. Ne3 Rd8 21. f4 Rd4 22. c3 Re4 23. Qh3 Rxf4 24. Rxf4 Bxf4 25. d4 Rg3 26. Qh4 Qe4 27. Bd2 Ng4 28. Rg1 Rh3+ 29. Qxh3 Nf2# 0-1


[Site "https://www.chess.com"]

[Event "Titled Tuesday Blitz August 08 Early 2023"]
[White "Vachier-Lagrave, Maxime"]
[Black "Chor, Kevin"]
[WhiteFideId "623539"]
[BlackFideId "2090740"]
[WhiteElo "3185"]
[BlackElo "2526"]
[Result "1-0"]
[Round "1"]
[TimeControl "180+1"]
[Date "2023.08.08"]
[WhiteClock "0:00:13"]
[BlackClock "0:00:02"]
[Board "2"]

1. e4 c5 2. Nf3 Nc6 3. c3 Nf6 4. e5 Nd5 5. Bc4 Nb6 6. Bb3 d5 7. exd6 e6 8. d4 cxd4 9. cxd4 Bxd6 10. Nc3 O-O 11. O-O h6 12. a3 Bd7 13. Qd3 Ne7 14. Bc2 Ng6 15. h4 f5 16. g3 Bc6 17. Bb3 Qf6 18. Re1 Rae8 19. h5 Nh8 20. Ne5 Nd5 21. Nxd5 exd5 22. Bf4 Kh7 23. Re3 Bxe5 24. Bxe5 Qg5 25. Bd1 Nf7 26. f4 Nxe5 27. Rxe5 Qf6 28. Bf3 Rxe5 29. dxe5 Qe6 30. Qd4 b6 31. Rc1 Rf7 32. Kf2 g5 33. hxg6+ Kxg6 34. Qd3 Rd7 35. g4 Rf7 36. gxf5+ Rxf5 37. Bg4 Bb5 38. Bxf5+ Qxf5 39. Rg1+ 1-0


[Site "https://www.chess.com"]

[Event "Titled Tuesday Blitz August 08 Early 2023"]
[White "Eynullayev, Atilla"]
[Black "Nihal Sarin"]
[WhiteFideId "13413570"]
[BlackFideId "25092340"]
[WhiteElo "2525"]
[BlackElo "3139"]
[Result "0-1"]
[Round "1"]
[TimeControl "180+1"]
[Date "2023.08.08"]
[WhiteClock "0:00:07"]
[BlackClock "0:00:40"]
[Board "3"]

1. d4 d5 2. c4 e5 3. dxe5 d4 4. Nf3 Nc6 5. Nbd2 Nge7 6. a3 Ng6 7. g3 Ngxe5 8. Nxe5 Nxe5 9. Bg2 c6 10. O-O Be7 11. b3 O-O 12. Bb2 a5 13. Ne4 c5 14. e3 Nc6 15. exd4 cxd4 16. Qh5 Be6 17. Rac1 Qb6 18. Qb5 Qxb5 19. cxb5 Na7 20. Rc7 Rfe8 21. Rxb7 Bd5 22. Nf6+ Bxf6 23. Bxd5 Red8 24. Bxf7+ Kh8 25. a4 Nc8 26. Be6 Nd6 27. Rd7 Ne4 28. Rd1 Rxd7 29. Bxd7 Nc3 30. Rd2 Kg8 31. Bc6 Rb8 32. f4 Kf7 33. Kf2 h5 34. Kf3 Ke6 35. h3 Rh8 36. Kf2 Kf5 37. b6 h4 38. g4+ Kxf4 39. Ba3 Ne4+ 40. Bxe4 Kxe4 41. Bd6 d3 42. b7 Bd4+ 43. Kg2 Ba7 44. Rd1 Bb8 45. Re1+ Kd4 46. Bxb8 Rxb8 47. Re7 d2 48. Rd7+ Kc3 49. Kf2 Rxb7 50. Rxb7 d1=Q 51. Rc7+ Kxb3 52. Rb7+ Kxa4 53. Ke3 Qh1 54. Rxg7 Qxh3+ 55. Kf4 Qg3+ 56. Kf5 h3 57. Rh7 h2 58. g5 h1=Q 0-1


[Site "https://www.chess.com"]

[Event "Titled Tuesday Blitz August 08 Early 2023"]
[White "Sarana, Alexey"]
[Black "Sreyas Payyappat"]
[WhiteFideId "24133795"]
[BlackFideId "46674969"]
[WhiteElo "3095"]
[BlackElo "2525"]
[Result "1-0"]
[Round "1"]
[TimeControl "180+1"]
[Date "2023.08.08"]
[WhiteClock "0:02:24"]
[BlackClock "0:01:55"]
[Board "4"]

1. d4 Nf6 2. c4 c5 3. d5 e6 4. Nc3 exd5 5. cxd5 d6 6. Nf3 g6 7. e4 Bg7 8. Be2 O-O 9. Be3 Re8 10. Nd2 a6 11. a4 Nbd7 12. Bf4 Ne5 13. h3 Rb8 14. O-O Bd7 15. Bh2 b5 16. axb5 axb5 17. f4 Nc4 18. Bxc4 bxc4 19. e5 Nh5 20. Nxc4 dxe5 21. fxe5 Rb4 22. Nd6 Rxe5 23. Nxf7 Qe8 24. Nxe5 Bxe5 25. Bxe5 Qxe5 26. Ra8+ Kg7 27. Ra7 Qe3+ 28. Rf2 Nf6 29. Qe2 Qd4 30. Qe7+ Kh6 31. Qxf6 1-0


[Site "https://www.chess.com"]

[Event "Titled Tuesday Blitz August 08 Early 2023"]
[White "Ansh M Shah"]
[Black "Firouzja, Alireza"]
[WhiteFideId "25033379"]
[BlackFideId "12573981"]
[WhiteElo "2524"]
[BlackElo "3094"]
[Result "0-1"]
[Round "1"]
[TimeControl "180+1"]
[Date "2023.08.08"]
[WhiteClock "0:00:00"]
[BlackClock "0:01:30"]
[Board "5"]

1. d4 Nf6 2. c4 g6 3. h4 Bg7 4. Nc3 c5 5. d5 e6 6. e4 d6 7. Be2 exd5 8. exd5 h5 9. Nf3 O-O 10. Bf4 Re8 11. O-O a6 12. a4 b6 13. Re1 Ra7 14. Ng5 Rae7 15. Qd2 Bf5 16. Bf3 Qc7 17. Rxe7 Qxe7 18. a5 bxa5 19. Rxa5 Nfd7 20. Ra1 Ne5 21. Be2 Qb7 22. Re1 Nbd7 23. Nce4 Bxe4 24. Nxe4 Qb6 25. Bg5 Rb8 26. f4 Ng4 27. Bxg4 hxg4 28. f5 gxf5 29. Ng3 Bd4+ 30. Kh1 Qxb2 31. Qf4 Qf2 32. Rf1 Qxf4 33. Rxf4 Rb1+ 34. Nf1 g3 35. Rxf5 Bf2 0-1


[Site "https://www.chess.com"]

[Event "Titled Tuesday Blitz August 08 Early 2023"]
[White "Caruana, Fabiano"]
[Black "Martin Barcelo, Carles"]
[WhiteFideId "2020009"]
[BlackFideId "24561444"]
[WhiteElo "3088"]
[BlackElo "2520"]
[Result "1-0"]
[Round "1"]
[TimeControl "180+1"]
[Date "2023.08.08"]
[WhiteClock "0:02:29"]
[BlackClock "0:01:18"]
[Board "6"]

1. b3 Nf6 2. Bb2 g6 3. e4 Bg7 4. e5 Nd5 5. Bc4 e6 6. Nf3 Nc6 7. O-O O-O 8. d4 d6 9. Nbd2 a6 10. Re1 b5 11. Bf1 Bb7 12. Ne4 f5 13. Neg5 Re8 14. c4 bxc4 15. bxc4 Nb6 16. exd6 cxd6 17. Nxe6 Qd7 18. Nxg7 Kxg7 19. d5+ Ne5 20. Nxe5 dxe5 21. Rxe5 Rxe5 22. Bxe5+ Kg8 23. Rb1 Re8 24. Ba1 Na4 25. Qd4 1-0


[Site "https://www.chess.com"]

[Event "Titled Tuesday Blitz August 08 Early 2023"]
[White "Lehtosaari, Mauri"]
[Black "Fedoseev, Vladimir"]
[WhiteFideId "501999"]
[BlackFideId "24130737"]
[WhiteElo "2520"]
[BlackElo "3082"]
[Result "0-1"]
[Round "1"]
[TimeControl "180+1"]
[Date "2023.08.08"]
[WhiteClock "0:00:46"]
[BlackClock "0:01:11"]
[Board "7"]

1. d4 Nf6 2. Nf3 g6 3. Bg5 Bg7 4. Nbd2 O-O 5. e3 d6 6. Bc4 Nbd7 7. O-O a6 8. a4 b6 9. c3 Bb7 10. Ba2 Qc8 11. Rc1 e6 12. Re1 h6 13. Bxf6 Nxf6 14. Qc2 b5 15. h3 Qd7 16. e4 Nh5 17. Nf1 bxa4 18. Kh2 Rfc8 19. Ng3 Nxg3 20. fxg3 c5 21. dxc5 Rxc5 22. Qd2 Rd8 23. Rcd1 a3 24. Nd4 axb2 25. Qxb2 Ba8 26. Bb3 Qc8 27. Rc1 h5 28. Qa2 Re8 29. Qa4 a5 30. Ba2 Re7 31. Qa3 Rec7 32. Qb2 Bxd4 0-1


[Site "https://www.chess.com"]

[Event "Titled Tuesday Blitz August 08 Early 2023"]
[White "Erigaisi Arjun"]
[Black "Sidletskyi, Ivan"]
[WhiteFideId "35009192"]
[BlackFideId "14156024"]
[WhiteElo "3075"]
[BlackElo "2517"]
[Result "1-0"]
[Round "1"]
[TimeControl "180+1"]
[Date "2023.08.08"]
[WhiteClock "0:01:52"]
[BlackClock "0:00:01"]
[Board "8"]

1. c4 Nf6 2. b3 e6 3. Bb2 d5 4. Nf3 Be7 5. g3 O-O 6. Bg2 c5 7. O-O b6 8. d4 Nc6 9. cxd5 Nxd5 10. e4 Nf6 11. d5 exd5 12. exd5 Nb4 13. Ne5 Ba6 14. Re1 Bd6 15. Nc6 Nxc6 16. dxc6 Rc8 17. Nc3 Bc7 18. a4 Bd3 19. Nb5 a6 20. Bxf6 gxf6 21. Qg4+ Bg6 22. Rad1 f5 23. Qf3 Qf6 24. Nxc7 Rxc7 25. h4 f4 26. h5 Bc2 27. Rd2 Bf5 28. Qxf4 Qc3 29. Qg5+ Kh8 30. Qxf5 Qxd2 31. Qf6+ Kg8 32. h6 Qxe1+ 33. Kh2 Qc3 34. Qxc3 1-0


[Site "https://www.chess.com"]

[Event "Titled Tuesday Blitz August 08 Early 2023"]
[White "Di Nicolantonio, Lucas"]
[Black "Bluebaum, Matthias"]
[WhiteFideId "680460"]
[BlackFideId "24651516"]
[WhiteElo "2513"]
[BlackElo "3047"]
[Result "1-0"]
[Round "1"]
[TimeControl "180+1"]
[Date "2023.08.08"]
[WhiteClock "0:00:20"]
[BlackClock "0:00:26"]
[Board "9"]

1. e4 e6 2. d4 d5 3. Bd3 c5 4. exd5 exd5 5. dxc5 Bxc5 6. Nf3 Nf6 7. Qe2+ Be6 8. Ng5 Qe7 9. Nxe6 fxe6 10. O-O O-O 11. c4 Nc6 12. Nc3 Nd4 13. Qd1 dxc4 14. Bxc4 Rad8 15. Be3 Kh8 16. Na4 e5 17. Nxc5 Qxc5 18. Rc1 Qb6 19. b3 Qa5 20. Bxd4 Rxd4 21. Qe2 Rd2 22. Qe1 Rfd8 23. b4 Qxb4 24. Qxe5 h6 25. h3 a6 26. Bb3 a5 27. Rc4 Qb6 28. Rf4 Re8 29. Rxf6 Qd8 30. Re6 Rf8 31. Re1 Qh4 32. g3 Qxh3 33. Re8 Rxf2 34. Rxf8+ Rxf8 35. Be6 Re8 36. Bxh3 Rxe5 37. Rxe5 b6 38. Rb5 g5 39. Rxb6 Kg7 40. Ra6 h5 41. Rxa5 g4 42. Rxh5 Kg6 43. Rh4 Kf6 44. Rxg4 Ke7 45. Rf4 Kd6 46. Kf2 Kc7 47. Ke3 Kb6 48. g4 Ka7 49. g5 Ka6 50. g6 Kb6 51. g7 Kc7 52. g8=Q Kd6 53. Qg6+ Kc7 54. Rf7+ Kb8 55. Qg8# 1-0


[Site "https://www.chess.com"]

[Event "Titled Tuesday Blitz August 08 Early 2023"]
[White "Pranesh M"]
[Black "Chan, Luis"]
[WhiteFideId "35028600"]
[BlackFideId "3216357"]
[WhiteElo "3043"]
[BlackElo "2513"]
[Result "1-0"]
[Round "1"]
[TimeControl "180+1"]
[Date "2023.08.08"]
[WhiteClock "0:01:00"]
[BlackClock "0:01:24"]
[Board "10"]

1. e4 e6 2. d4 d5 3. Nc3 Bb4 4. e5 c5 5. a3 Bxc3+ 6. bxc3 Ne7 7. h4 Qa5 8. Bd2 Qa4 9. h5 h6 10. Nf3 cxd4 11. cxd4 b6 12. Bb4 Ba6 13. Bxe7 Kxe7 14. Rh4 Nc6 15. Rg4 Rhg8 16. Bd3 Bxd3 17. Qxd3 Nb4 18. axb4 Qxa1+ 19. Kd2 Rac8 20. Ne1 Rc4 21. c3 a5 22. Nc2 Rgc8 23. Nxa1 1-0


[Site "https://www.chess.com"]

[Event "Titled Tuesday Blitz August 08 Early 2023"]
[White "Shishkov, Andrei"]
[Black "Lazavik, Denis"]
[WhiteFideId "4500563"]
[BlackFideId "13515110"]
[WhiteElo "2511"]
[BlackElo "3038"]
[Result "0-1"]
[Round "1"]
[TimeControl "180+1"]
[Date "2023.08.08"]
[WhiteClock "0:00:05"]
[BlackClock "0:01:43"]
[Board "11"]

1. d4 f5 2. g3 Nf6 3. Bg2 g6 4. h4 Bg7 5. h5 Nxh5 6. e4 fxe4 7. Rxh5 gxh5 8. Qxh5+ Kf8 9. Bh6 e6 10. Bxg7+ Kxg7 11. Qg4+ Kf8 12. Qf4+ Ke8 13. Bxe4 d5 14. Bf3 Qd6 15. Bh5+ Kd7 16. Qh6 Qf8 17. Qg5 Nc6 18. Nf3 Rg8 19. Qe3 Qf5 20. g4 Qe4 21. Nc3 Qxe3+ 22. fxe3 Ke7 23. Nb5 a6 24. Nc3 Bd7 25. Kd2 Raf8 26. Rf1 Be8 27. Bxe8 Kxe8 28. Ke2 Rxg4 29. Rf2 Rg3 30. a3 Ne7 31. Ne5 Rxf2+ 0-1


[Site "https://www.chess.com"]

[Event "Titled Tuesday Blitz August 08 Early 2023"]
[White "Grischuk, Alexander"]
[Black "Tikhonov, Viacheslav"]
[WhiteFideId "4126025"]
[BlackFideId "44196407"]
[WhiteElo "3026"]
[BlackElo "2511"]
[Result "1-0"]
[Round "1"]
[TimeControl "180+1"]
[Date "2023.08.08"]
[WhiteClock "0:00:28"]
[BlackClock "0:00:00"]
[Board "12"]

1. Nf3 Nf6 2. g3 g6 3. c4 Bg7 4. Nc3 O-O 5. Bg2 d5 6. cxd5 Nxd5 7. h4 Bg4 8. O-O c6 9. Qb3 Bc8 10. d4 a5 11. e4 Nb4 12. a3 Be6 13. Qd1 N4a6 14. Be3 Bg4 15. Qb3 Bc8 16. Rfd1 Nd7 17. h5 Qb6 18. Qc2 Qc7 19. Rac1 Nb6 20. h6 Bh8 21. d5 Nc4 22. Bd4 e5 23. dxe6 Bxe6 24. Bxh8 Kxh8 25. Ne2 Ne5 26. Qc3 f6 27. Nxe5 Qxe5 28. Nd4 Nc7 29. Qe3 Rae8 30. b4 axb4 31. axb4 Nb5 32. Rc5 Qd6 33. Rd2 Nxd4 34. Rxd4 Qe7 35. e5 f5 36. Rd6 Rd8 37. Qd4 Rfe8 38. b5 cxb5 39. Rxb5 Rxd6 40. exd6+ 1-0


[Site "https://www.chess.com"]

[Event "Titled Tuesday Blitz August 08 Early 2023"]
[White "Nemec, Jachym"]
[Black "Paravyan, David"]
[WhiteFideId "23716525"]
[BlackFideId "4194985"]
[WhiteElo "2510"]
[BlackElo "3024"]
[Result "0-1"]
[Round "1"]
[TimeControl "180+1"]
[Date "2023.08.08"]
[WhiteClock "0:00:47"]
[BlackClock "0:01:31"]
[Board "13"]

1. d4 Nf6 2. c4 e6 3. Nf3 d5 4. g3 Be7 5. Bg2 O-O 6. O-O dxc4 7. Qc2 b5 8. a4 Bb7 9. axb5 a6 10. Nc3 axb5 11. Rxa8 Bxa8 12. Nxb5 Bd5 13. Nc3 Bxf3 14. Bxf3 Qxd4 15. Rd1 Qa7 16. Ne4 Nbd7 17. Nxf6+ Nxf6 18. Qxc4 Bc5 19. e3 Bd6 20. Bd2 Nd7 21. Bc3 Ne5 22. Bxe5 Bxe5 23. b3 Bd6 24. Kg2 g6 25. h4 h5 26. Rh1 Rb8 27. Rd1 Rb4 28. Qc2 Qb6 29. Rd3 f5 30. Qc6 Qxc6 31. Bxc6 Kf7 32. Bf3 e5 33. Bd1 Ke6 34. Rc3 Kd5 35. Be2 e4 36. Bc4+ Ke5 37. Bf7 Kf6 38. Bc4 Rb8 39. Bd5 Rb5 40. Bc4 Ra5 41. Rc2 g5 42. hxg5+ Kxg5 43. Be6 h4 44. gxh4+ Kxh4 45. Rc1 Kg5 46. Rc2 Ra1 47. Rd2 f4 48. exf4+ Kxf4 49. Re2 Bc5 50. Bd5 e3 51. fxe3+ Bxe3 52. Kh2 Ra5 53. Bg2 Rh5+ 54. Bh3 Kf3 0-1


[Site "https://www.chess.com"]

[Event "Titled Tuesday Blitz August 08 Early 2023"]
[White "Makarian, Rudik"]
[Black "reevecanada"]
[WhiteFideId "44105681"]
[WhiteElo "3016"]
[BlackElo "2510"]
[Result "1-0"]
[Round "1"]
[TimeControl "180+1"]
[Date "2023.08.08"]
[WhiteClock "0:02:14"]
[BlackClock "0:01:12"]
[Board "14"]

1. d4 d5 2. c4 c6 3. Nf3 Nf6 4. Qc2 e6 5. g3 Nbd7 6. Bg2 Bd6 7. O-O O-O 8. Nbd2 Rb8 9. e4 dxe4 10. Nxe4 Nxe4 11. Qxe4 c5 12. Rd1 Qc7 13. dxc5 Nxc5 14. Qd4 Rd8 15. Bf4 e5 16. Bxe5 Ne4 17. Qxe4 Bxe5 18. Qxe5 Rxd1+ 19. Rxd1 Qxe5 20. Rd8+ Qe8 21. Rxe8# 1-0


[Site "https://www.chess.com"]

[Event "Titled Tuesday Blitz August 08 Early 2023"]
[White "Tomb, Maroun"]
[Black "Martinez Alcantara, Jose Eduardo"]
[WhiteFideId "5300398"]
[BlackFideId "3805662"]
[WhiteElo "2509"]
[BlackElo "3015"]
[Result "0-1"]
[Round "1"]
[TimeControl "180+1"]
[Date "2023.08.08"]
[WhiteClock "0:00:29"]
[BlackClock "0:01:40"]
[Board "15"]

1. e4 c5 2. Ne2 d6 3. c3 Nf6 4. g3 Bd7 5. Bg2 Bc6 6. f3 e5 7. d4 Be7 8. Be3 O-O 9. O-O Nbd7 10. Nd2 b5 11. g4 g6 12. h4 Ne8 13. h5 Bg5 14. f4 exf4 15. Nxf4 Nef6 16. Kh1 Qe8 17. d5 Bb7 18. Re1 Ne5 19. Nf3 Bxf4 20. Bxf4 Nfxg4 21. Qd2 f6 22. hxg6 hxg6 23. Bg3 Rf7 24. Kg1 Qe7 25. a4 bxa4 26. Rxa4 a6 27. b4 cxb4 28. Rxb4 Re8 29. Nd4 Bc8 30. Rb8 Qc7 31. Reb1 Rfe7 32. Qe2 Qxc3 33. Ne6 Qxg3 34. R1b7 Rxb7 0-1


[Site "https://www.chess.com"]

[Event "Titled Tuesday Blitz August 08 Early 2023"]
[White "Aronian, Levon"]
[Black "Malka, Samuel"]
[WhiteFideId "13300474"]
[BlackFideId "20643675"]
[WhiteElo "3014"]
[BlackElo "2509"]
[Result "1-0"]
[Round "1"]
[TimeControl "180+1"]
[Date "2023.08.08"]
[WhiteClock "0:01:25"]
[BlackClock "0:00:04"]
[Board "16"]

1. e4 c5 2. Nf3 Nc6 3. Bb5 d6 4. Bxc6+ bxc6 5. e5 dxe5 6. Nxe5 Qd5 7. Nf3 Qe4+ 8. Kf1 Bg4 9. d3 Bxf3 10. Qxf3 Qxf3 11. gxf3 c4 12. dxc4 e6 13. Be3 Nf6 14. Nd2 Rb8 15. b3 a5 16. a4 Bb4 17. Ne4 Nd7 18. Rd1 Ke7 19. Ke2 h6 20. Rhg1 g6 21. Bc1 f5 22. Nd2 g5 23. h4 Rbg8 24. Bb2 e5 25. Nf1 gxh4 26. Rh1 f4 27. Rxh4 Ke6 28. Nd2 Be7 29. Rh5 Rg5 30. Rdh1 Rxh5 31. Rxh5 Bg5 32. Ne4 Nf6 33. Nxg5+ 1-0


[Site "https://www.chess.com"]

[Event "Titled Tuesday Blitz August 08 Early 2023"]
[White "ArtemDyachuk"]
[Black "Gurel, Ediz"]
[BlackFideId "44507356"]
[WhiteElo "2508"]
[BlackElo "3000"]
[Result "1-0"]
[Round "1"]
[TimeControl "180+1"]
[Date "2023.08.08"]
[WhiteClock "0:00:21"]
[BlackClock "0:00:01"]
[Board "17"]

1. e4 c5 2. Nf3 Nc6 3. Bb5 e6 4. Bxc6 bxc6 5. b3 d6 6. e5 d5 7. O-O Ne7 8. Bb2 Nf5 9. Re1 Be7 10. d3 O-O 11. Nbd2 Ba6 12. c4 Qc7 13. Nf1 Rae8 14. Ng3 Bc8 15. Qd2 h6 16. Qf4 f6 17. Qg4 d4 18. Bc1 Kh7 19. Bf4 Qd8 20. Ne4 Bd7 21. Qh3 fxe5 22. Nxe5 Nh4 23. Bg3 Nf5 24. Bf4 Nh4 25. Bd2 Rf5 26. f4 Ref8 27. Rf1 Be8 28. g4 Rxe5 29. fxe5 Bg6 30. Rxf8 Qxf8 31. Rf1 Qe8 32. Nf6+ gxf6 33. Qxh4 Bf8 34. exf6 Bxd3 35. Rf3 Be4 36. Rf4 Qg6 37. f7 Kg7 38. Rf2 Bf5 39. Rg2 Be4 40. Rf2 Bf5 41. h3 Be4 42. Bf4 Kh7 43. Qd8 Qxf7 44. Bd6 Bf3 45. Qxf8 Qxf8 46. Bxf8 Be4 47. Bxc5 d3 48. Be3 Kg6 49. Bd2 h5 50. g5 Bf5 51. h4 e5 52. Kh2 e4 53. Kg3 Bg4 54. Rf6+ Kg7 55. Be3 c5 56. Rd6 Kf7 57. g6+ Ke7 58. Bxc5 Ke8 59. Rd4 Bf5 60. g7 Kf7 61. Kf4 Bg6 62. Bf8 Kg8 63. Ke3 Kf7 64. c5 Kg8 65. c6 Bf5 66. c7 Kf7 67. Rd8 a5 68. c8=Q Bxc8 69. Rxc8 1-0


[Site "https://www.chess.com"]

[Event "Titled Tuesday Blitz August 08 Early 2023"]
[White "Megaranto, Susanto"]
[Black "Vyatkin, Dmitry"]
[WhiteFideId "7101384"]
[BlackFideId "4171900"]
[WhiteElo "2998"]
[BlackElo "2508"]
[Result "1-0"]
[Round "1"]
[TimeControl "180+1"]
[Date "2023.08.08"]
[WhiteClock "0:00:33"]
[BlackClock "0:00:02"]
[Board "18"]

1. e4 e6 2. d4 d5 3. Nd2 c5 4. exd5 Qxd5 5. Ngf3 cxd4 6. Bc4 Qd6 7. O-O Nf6 8. Nb3 Nc6 9. Nbxd4 Nxd4 10. Qxd4 Qxd4 11. Nxd4 Bd7 12. c3 Rc8 13. Bb3 Bc5 14. Nc2 O-O 15. Be3 Ne4 16. Rfd1 Bc6 17. f3 Bxe3+ 18. Nxe3 Nc5 19. Rd4 Rfd8 20. Rad1 Rxd4 21. Rxd4 Nxb3 22. axb3 Kf8 23. b4 Ke7 24. Kf2 e5 25. Rd2 Ke6 26. h4 f5 27. g3 g6 28. f4 exf4 29. gxf4 Ke7 30. Nc4 Rd8 31. Rxd8 Kxd8 32. Ke3 Ke7 33. Kd4 Kf6 34. Nd6 h6 35. b5 Bg2 36. Nc8 g5 37. hxg5+ hxg5 38. Ke3 a6 39. bxa6 bxa6 40. Nb6 g4 41. Nd7+ Ke7 42. Nc5 Bf1 43. b3 Kd6 44. Na4 Bb5 45. Nb2 Bc6 46. Nd3 Bd5 47. c4 Be4 48. Nf2 Kc5 49. Nxe4+ fxe4 50. Kxe4 Kd6 1-0


[Site "https://www.chess.com"]

[Event "Titled Tuesday Blitz August 08 Early 2023"]
[White "Mattheii"]
[Black "Tabatabaei, M. Amin"]
[BlackFideId "12521213"]
[WhiteElo "2507"]
[BlackElo "2996"]
[Result "0-1"]
[Round "1"]
[TimeControl "180+1"]
[Date "2023.08.08"]
[WhiteClock "0:00:03"]
[BlackClock "0:00:58"]
[Board "19"]

1. d4 e6 2. c4 b6 3. Nc3 Bb7 4. e4 Bb4 5. Qc2 Nf6 6. Bd3 Bxc3+ 7. bxc3 d6 8. f4 c5 9. Nf3 Nc6 10. O-O Rc8 11. Qe2 h6 12. e5 dxe5 13. fxe5 Nd7 14. Bf4 Ne7 15. Rad1 O-O 16. Nh4 cxd4 17. Bxh6 Ng6 18. Nxg6 fxg6 19. Rxf8+ Nxf8 20. Bf4 dxc3 21. Bxg6 Qh4 22. Bg3 Qxc4 23. Bd3 Qc5+ 24. Bf2 Qe7 25. Bg3 Bd5 26. Bc2 Qg5 27. Rf1 Bc4 28. Qe4 Bxf1 29. Kxf1 Qc1+ 30. Kf2 Rc7 31. Qg4 0-1


[Site "https://www.chess.com"]

[Event "Titled Tuesday Blitz August 08 Early 2023"]
[White "Andreikin, Dmitry"]
[Black "Gavilan Diaz, Mario"]
[WhiteFideId "4158814"]
[BlackFideId "2260905"]
[WhiteElo "2995"]
[BlackElo "2505"]
[Result "1-0"]
[Round "1"]
[TimeControl "180+1"]
[Date "2023.08.08"]
[WhiteClock "0:00:10"]
[BlackClock "0:00:00"]
[Board "20"]

1. d4 Nf6 2. c4 c5 3. Nf3 cxd4 4. Nxd4 e5 5. Nb5 d5 6. cxd5 Bc5 7. e3 O-O 8. Be2 a6 9. N5c3 e4 10. g4 Qe7 11. g5 Nfd7 12. Nd2 f5 13. h4 b5 14. b3 Nb6 15. Bb2 Rd8 16. Qc2 Nxd5 17. Nxd5 Rxd5 18. b4 Bxb4 19. Qxc8+ Rd8 20. Qxf5 Rxd2 21. Kf1 Rxb2 22. Qd5+ Qf7 23. Qxa8 Rxe2 24. Qxb8+ Bf8 25. Qf4 Qc4 26. Kg2 Rd2 27. Rhd1 Bd6 28. Qf5 Qe2 29. Rac1 Bf8 30. Rxd2 Qxd2 31. Qe6+ Kh8 32. Rc8 Qb4 33. Qf7 1-0


[Site "https://www.chess.com"]

[Event "Titled Tuesday Blitz August 08 Early 2023"]
[White "Shubenkova, Veronika"]
[Black "Kramnik, Vladimir"]
[WhiteFideId "44124040"]
[BlackFideId "4101588"]
[WhiteElo "2504"]
[BlackElo "2995"]
[Result "0-1"]
[Round "1"]
[TimeControl "180+1"]
[Date "2023.08.08"]
[WhiteClock "0:00:49"]
[BlackClock "0:01:18"]
[Board "21"]

1. e4 c5 2. Nc3 Nc6 3. g3 g6 4. Bg2 Bg7 5. d3 d6 6. f4 Nf6 7. Nf3 O-O 8. O-O Rb8 9. Rb1 b5 10. h3 b4 11. Ne2 c4 12. Be3 Ba6 13. g4 cxd3 14. cxd3 b3 15. a3 Nd7 16. Ne1 Nc5 17. e5 Na5 18. d4 Na4 19. Rf3 dxe5 20. fxe5 Nc4 21. Bc1 Nxe5 22. Rf2 Nc4 23. h4 e5 24. d5 Qxh4 25. Nc3 Nxc3 26. bxc3 b2 27. Bxb2 Ne3 28. Qf3 Nxg4 0-1


[Site "https://www.chess.com"]

[Event "Titled Tuesday Blitz August 08 Early 2023"]
[White "Oparin, Grigoriy"]
[Black "NicolaiMaxime"]
[WhiteFideId "24125890"]
[WhiteElo "2987"]
[BlackElo "2504"]
[Result "1-0"]
[Round "1"]
[TimeControl "180+1"]
[Date "2023.08.08"]
[WhiteClock "0:00:29"]
[BlackClock "0:00:23"]
[Board "22"]

1. b3 e5 2. Bb2 Nc6 3. c4 Bc5 4. e3 Nf6 5. Nc3 O-O 6. Nge2 d6 7. Ng3 Bg4 8. Qb1 h5 9. h3 h4 10. Nge4 Bf5 11. Bd3 Nxe4 12. Bxe4 Bxe4 13. Qxe4 Qg5 14. Qg4 Qe7 15. Nd5 Qd8 16. O-O Nb4 17. d4 Nxd5 18. dxc5 f5 19. Qh5 Nb4 20. cxd6 cxd6 21. Rfd1 Qf6 22. Rd2 g6 23. Qf3 Qe7 24. Rad1 e4 25. Qf4 Nd3 26. Rxd3 exd3 27. Rxd3 Kh7 28. Rxd6 Rad8 29. c5 Rxd6 30. cxd6 Qd8 31. Be5 g5 32. Qc4 Qd7 33. e4 f4 34. Qd5 f3 35. Bd4 fxg2 36. Kxg2 Kg6 37. Be3 Qd8 38. e5 Rf5 39. Qe6+ Kh7 40. Qxf5+ 1-0


[Site "https://www.chess.com"]

[Event "Titled Tuesday Blitz August 08 Early 2023"]
[White "ATM622"]
[Black "Matlakov, Maxim"]
[BlackFideId "4168003"]
[WhiteElo "2503"]
[BlackElo "2986"]
[Result "0-1"]
[Round "1"]
[TimeControl "180+1"]
[Date "2023.08.08"]
[WhiteClock "0:01:15"]
[BlackClock "0:01:06"]
[Board "23"]

1. d4 Nf6 2. c4 e6 3. g3 c5 4. d5 exd5 5. cxd5 d6 6. Bg2 g6 7. Nf3 Bg7 8. O-O O-O 9. Nc3 Re8 10. Nd2 a6 11. a4 Nbd7 12. Nc4 Ne5 13. Nxe5 Rxe5 14. e4 Re8 15. Re1 Rb8 16. a5 b5 17. axb6 Rxb6 18. Qc2 Rb4 19. Bd2 Ng4 20. Na4 Bd4 21. Re2 Rb8 22. Bc3 Bd7 23. h3 Ne5 24. b3 Qf6 25. Rd1 Nf3+ 26. Bxf3 Qxf3 27. Qd3 Qxd3 28. Rxd3 Bb5 29. Bxd4 Bxd3 30. Rd2 Bxe4 31. Bf6 Rxb3 32. f3 Rxf3 0-1


[Site "https://www.chess.com"]

[Event "Titled Tuesday Blitz August 08 Early 2023"]
[White "Van Foreest, Jorden"]
[Black "Perske, Thore"]
[WhiteFideId "1039784"]
[BlackFideId "12902195"]
[WhiteElo "2983"]
[BlackElo "2501"]
[Result "1-0"]
[Round "1"]
[TimeControl "180+1"]
[Date "2023.08.08"]
[WhiteClock "0:01:28"]
[BlackClock "0:00:51"]
[Board "24"]

1. Nf3 d5 2. d4 Nf6 3. e3 Bf5 4. c4 c6 5. Nc3 e6 6. Be2 h6 7. Bd3 Bxd3 8. Qxd3 Nbd7 9. O-O Bd6 10. e4 dxe4 11. Nxe4 Nxe4 12. Qxe4 O-O 13. Rd1 Qa5 14. b3 Rfe8 15. Bb2 Rad8 16. a3 Qh5 17. b4 Nf6 18. Qe2 a6 19. h3 Qg6 20. Rd3 Qe4 21. Re3 Qf5 22. Rd1 Bb8 23. Re1 Bf4 24. Rd3 Bb8 25. g4 Qf4 26. Bc1 Qc7 27. g5 Nh5 28. Ne5 g6 29. gxh6 Qe7 30. Qg4 Bxe5 31. Rxe5 Kh7 32. Rxh5 1-0


[Site "https://www.chess.com"]

[Event "Titled Tuesday Blitz August 08 Early 2023"]
[White "Droin, Augustin"]
[Black "Puranik, Abhimanyu"]
[WhiteFideId "45105987"]
[BlackFideId "5061245"]
[WhiteElo "2500"]
[BlackElo "2979"]
[Result "0-1"]
[Round "1"]
[TimeControl "180+1"]
[Date "2023.08.08"]
[WhiteClock "0:00:13"]
[BlackClock "0:01:07"]
[Board "25"]

1. e4 e6 2. d4 d5 3. exd5 exd5 4. Nf3 Nc6 5. Bd3 Bg4 6. O-O Nf6 7. c3 Qd7 8. Nbd2 O-O-O 9. b4 Bd6 10. b5 Ne7 11. a4 Ng6 12. Re1 Nf4 13. Bf1 Rhe8 14. Rxe8 Rxe8 15. a5 Ne4 16. b6 a6 17. Qb3 Nxd2 18. Bxd2 Nh3+ 19. gxh3 Bxf3 20. c4 Qf5 21. Qd3 Re4 22. Bg2 Bxg2 23. Kxg2 Rg4+ 24. hxg4 Qxd3 25. Be3 dxc4 0-1


[Site "https://www.chess.com"]